 Dungeon Crawl Stone Soup version 0.24.0-37-gcf1ca852f1 (webtiles) character file.

Game seed: 3514429207075042670, levelgen mode: deterministic

114 FishyPogo the Skirmisher (level 4, -4/39 HPs)
             Began as a Ghoul Gladiator on Dec 6, 2019.
             Was an Initiate of Yredelemnul.
             Slain by Natasha (8 damage)
             ... on level 3 of the Dungeon.
             The game lasted 00:13:11 (2009 turns).

FishyPogo the Skirmisher (Ghoul Gladiator)          Turns: 2009, Time: 00:13:13

Health: -4/39      AC:  4    Str: 17    XL:     4   Next: 98%
Magic:  3/3        EV: 12    Int:  3    God:    Yredelemnul [......]
Gold:   112        SH:  0    Dex: 11    Spells: 3/3 levels left

rFire    . . .     SeeInvis .   a - +0 trident
rCold    + . .     Gourm    .   (no shield)
rNeg     + + +     Faith    .   b - +0 leather armour
rPois    ∞         Spirit   .   c - +0 helmet
rElec    .         Reflect  .   (no cloak)
rCorr    .         Harm     .   (no gloves)
MR       .....                  (no boots)
Stlth    +.........             (no amulet)
HPRegen  0.00/turn              (no ring)
MPRegen  0.08/turn              (no ring)

@: rotting, slowed, very slow
A: rotting body, claws 1, carnivore, cold resistance 1, negative energy
resistance 3, inhibited regeneration, torment resistance, unbreathing
a: Renounce Religion


You were on level 3 of the Dungeon.
You worshipped Yredelemnul.
Yredelemnul was noncommittal.
You were not hungry.

You visited 1 branch of the dungeon, and saw 3 of its levels.

You collected 112 gold pieces.

Inventory:

Hand Weapons
 a - a +0 trident (weapon)
Missiles
 d - 3 throwing nets
 e - 7 javelins
 g - 69 stones
 h - 3 atropa-tipped darts
 j - 12 poisoned darts (quivered)
Armour
 b - a +0 leather armour (worn)
 c - a +0 helmet (worn)
Scrolls
 k - a scroll of teleportation
Potions
 n - a potion of lignification
Comestibles
 f - 6 rations
 p - 3 chunks of flesh


   Skills:
 * Level 3.6 Fighting
 + Level 3.1 Polearms
 + Level 2.4 Throwing
 + Level 1.3 Armour
 + Level 3.2 Dodging


You had 3 spell levels left.
You didn't know any spells.
Your spell library contained the following spells:

 Spells                   Type           Power        Failure   Level  Hunger
 Sticks to Snakes         Tmut           #.......     73%         2    ###....
 Beastly Appendage        Tmut           Unusable     N/A         1    N/A
 Spider Form              Tmut/Pois      Unusable     N/A         3    N/A
 Ice Form                 Ice/Tmut       Unusable     N/A         4    N/A
 Blade Hands              Tmut           Unusable     N/A         5    N/A

Dungeon Overview and Level Annotations

Branches:
Dungeon (3/15)

Altars:
Yredelemnul
The Shining One

Annotations:
D:3 Natasha


Innate Abilities, Weirdness & Mutations

Your body is rotting away.
You thrive on raw meat.
You are immune to poison.
You have sharp fingernails.
You are carnivorous and can eat meat at any time.
Your flesh is cold resistant. (rC+)
You are immune to negative energy. (rN+++)
You do not regenerate when monsters are visible.
You are immune to unholy pain and torment.
You can survive without breathing.


Message History

The adder is almost dead.
The adder bites you but does no damage. The adder misses you.
You miss the adder.
The adder is almost dead.
The adder bites you. The adder misses you. x2
You hit the adder.
You kill the adder!
Yredelemnul accepts your kill.
You feel your dexterity returning. Natasha claws you but does no damage.
You miss Natasha.
The crimson imp blinks!
Natasha casts a spell.
Okay, then.
You closely miss the crimson imp.
The shadow imp disappears in a puff of smoke!
Natasha claws you!
* * * LOW HITPOINT WARNING * * *
The crimson imp misses you. Natasha claws you!
You die...
Yredelemnul claims you as an undead slave.

############ ####
#5@.......># #..
#h##.#.###.# #.#
###5####.###.###.####
#.....#.............#
#..#..#..###.###.##.#
+.#≈#.+).....# #.##.#
#. #$.#..##### #.....
#. ..##.# #..... ##
## #.##.#


You could see Natasha and 2 crimson imps.

Vanquished Creatures
  7 adders
  3 worms (D:2)
  A leopard gecko (D:3)
  5 bats
  2 giant cockroaches
  4 goblins
  5 hobgoblins (D:1)
  4 jackals (D:2)
  4 kobolds
  A quokka (D:3)
  A frilled lizard (D:1)
  3 rats
40 creatures vanquished.

Notes
Turn   | Place    | Note
-------+----------+-------------------------------------------
     0 | D:1      | FishyPogo the Ghoul Gladiator began the quest for the Orb.
     0 | D:1      | Reached XP level 1. HP: 17/17 MP: 0/0
   259 | D:1      | Reached XP level 2. HP: 25/25 MP: 1/1
   720 | D:2      | Reached XP level 3. HP: 13/30 MP: 2/2
  1169 | D:2      | Reached skill level 1 in Armour
  1200 | D:2      | Reached XP level 4. HP: 38/38 MP: 3/3
  1339 | D:2      | Found a glowing golden altar of the Shining One.
  1356 | D:2      | Noticed an angel
  1392 | D:2      | Found a basalt altar of Yredelemnul.
  1396 | D:2      | Noticed a profane servitor
  1401 | D:2      | Became a worshipper of Yredelemnul the Dark
  1989 | D:3      | Noticed Natasha
  2009 | D:3      | Slain by Natasha

Levels and vault maps discovered:
D:1:      mainiacjoe_arrival_reflecting_pool, layout_rooms, serial_bayou_ford_a
D:2:      layout_rooms, grunt_temple_overflow_holy_war
D:3:      layout_loops_cross, gup_sewer_entry_pipe, kennysheep_generic_room_13,
          uniq_natasha

Skill      XL: |  1  2  3  4 |
---------------+-------------+-----
Throwing       | 2 |  2.4
Fighting       | 3 |  3.6
Armour         | 1 |  1.3
Dodging        | 3 |  3.2
Polearms       | 3 |  3.1

Action                   |  1- 3 |  4- 6 || total
-------------------------+-------+-------++-------
Melee: Trident           |   116 |    82 ||   198
Throw: Dart              |     7 |     6 ||    13
  Use: Scroll            |     3 |     1 ||     4
       Potion            |     2 |     3 ||     5
  Eat: Chunk             |     2 |     5 ||     7
Armor: Leather armour    |    27 |    23 ||    50
Dodge: Dodged            |    72 |    60 ||   132
